 Dungeon Crawl Stone Soup version 0.32-a0-558-g233958a4c4 (webtiles) character file.

Game seed: 9243781115411434642

7795 seren the Carver (level 11, -2/84 HPs)
             Began as a Coglin Gladiator on Feb 29, 2024.
             Was an Initiate of Gozag.
             Slain by a tengu warrior
             ... wielding a +3 great mace
              (15 damage)
             ... on level 9 of the Dungeon.
             The game lasted 00:22:35 (8234 turns).

seren the Carver (Coglin Gladiator)                 Turns: 8234, Time: 00:22:36

Health: -2/84      AC: 12    Str: 17    XL:     11   Next: 20%
Magic:  11/11      EV: 14    Int:  7    God:    Gozag
Gold:   1324       SH:  0    Dex: 18    Spells: 10/10 levels left

rFire   . . .        a - +0 long sword {Feng}
rCold   . . .        w - +0 long sword {Januári}
rNeg    . . .        o - +0 ring mail {Will+}
rPois   .            c - +0 helmet
rElec   .            y - +1 cloak
rCorr   .            H - +0 pair of gloves
SInv    .            g - +0 pair of boots
Will    +....        (amulet unavailable)
Stlth   +            (ring unavailable)
HPRegen 0.34/turn    (ring unavailable)
MPRegen 0.12/turn    (no gizmo)

%: no passive effects
@: mighty, invisible, revved
A: off-hand wielding, slow wielding, warmup strikes, no jewelry
a: Invent Gizmo, Renounce Religion, Potion Petition, Call Merchant, Bribe Branch


You were on level 9 of the Dungeon.
You worshipped Gozag.
Gozag was most pleased with you.
You visited 2 branches of the dungeon, and saw 10 of its levels.
You also visited: Ossuary.

You collected 1797 gold pieces.
You spent 392 gold pieces at shops.
You paid 81 gold pieces to Gozag.

Inventory:

Hand Weapons
 a - a +0 long sword (weapon) {Feng}
 s - a +0 rapier {Daichi}
 w - a +0 long sword (offhand) {Januári}
 E - a +4 dagger
Missiles
 d - 2 throwing nets {!f}
 e - a javelin
 m - 7 boomerangs
 q - 19 poisoned darts (quivered)
Armour
 c - a +0 helmet (worn)
 g - a +0 pair of boots (worn)
 o - a +0 ring mail of willpower (worn)
 y - a +1 cloak (worn)
 F - +0 steam dragon scales
 H - a +0 pair of gloves (worn)
Wands
 B - a wand of light (8)
 I - a wand of warping (9)
Scrolls
 b - 2 scrolls of noise {unknown}
 h - a scroll of acquirement {unknown}
 k - 3 scrolls of teleportation {!r}
 l - 2 scrolls of blinking {!r}
 n - a scroll of poison {unknown}
 u - a scroll of amnesia {unknown}
 x - 2 scrolls of vulnerability {unknown}
 A - 2 scrolls of fog {unknown}
 C - a scroll of silence {unknown}
 D - a scroll of enchant weapon {unknown}
Potions
 f - 3 potions of heal wounds
 i - 2 potions of enlightenment
 j - a potion of invisibility
 p - 9 potions of curing
 r - a potion of might
 t - 2 potions of mutation {!q}
 z - a potion of ambrosia {unknown}
 G - a potion of berserk rage {unknown}
 J - a potion of magic {unknown}


   Skills:
 + Level 7.3 Fighting
 + Level 9.3 Long Blades
 + Level 6.3 Throwing
 + Level 6.1 Armour
 + Level 6.8 Dodging
 + Level 6.5 Evocations


You had 10 spell levels left.
You didn't know any spells.
Your spell library contained the following spells:

 Spells                   Type           Power      Damage    Failure   Level
 Apportation              Tloc           0%         N/A       61%         1
 Necrotise                Necr           0%         1d4       61%         1
 Sandblast                Erth           0%         2d4       61%         1
 Shock                    Conj/Air       0%         1d3       61%         1
 Sting                    Conj/Alch      0%         1d3       61%         1
 Summon Small Mammal      Summ           0%         N/A       61%         1
 Ensorcelled Hibernation  Hex/Ice        0%         N/A       75%         2
 Sublimation of Blood     Necr           0%         N/A       75%         2
 Dazzling Flash           Conj/Hex       0%         N/A       93%         3
 Passwall                 Erth           0%         N/A       93%         3
 Stone Arrow              Conj/Erth      0%         3d7       93%         3
 Swiftness                Air            0%         N/A       93%         3
 Volatile Blastmotes      Fire/Tloc      0%         2d10      93%         3
 Airstrike                Air            0%         2d(0-16)  100%        4
 Animate Armour           Summ/Erth      0%         N/A       100%        4
 Brom's Barrelling Bould  Conj/Erth      0%         2d3       100%        4
 Cause Fear               Hex            0%         N/A       100%        4
 Petrify                  Alch/Erth      0%         N/A       100%        4
 Summon Lightning Spire   Summ/Air       0%         N/A       100%        4
 Fireball                 Conj/Fire      0%         3d3       100%        5
 Irradiate                Conj/Alch      0%         3d11      100%        5
 Lee's Rapid Deconstruct  Erth           0%         3d4*      100%        5
 Starburst                Conj/Fire      0%         6d3       100%        6
 Maxwell's Capacitive Co  Air            0%         ∞         100%        8
 Dragon's Call            Summ           0%         N/A       100%        9


Dungeon Overview and Level Annotations

Branches:
Dungeon (9/15)             Temple (1/1) D:4         Ossuary (visited)
   Lair: D:8-11         Orc: D:9-12

Altars:
Ashenzari
Cheibriados
Dithmenos
Elyvilon
Gozag
Hepliaklqana
Kikubaaqudgha
Nemelex Xobeh
Okawaru
Ru
Sif Muna
Trog
Uskayaw
Xom
Yredelemnul
Zin

Shops:
D:3 *

Annotations:
D:2 vault need digging, Sigmund
D:6 Pikel
D:8 1 runed translucent door, Hans's ghost, novice DENe


Innate Abilities, Weirdness & Mutations

You can wield a second weapon in your off-hand.
It takes a long time for you to wield or remove held weapons.
Your first few attacks do less damage.
You cannot equip rings or amulets.


Message History

You slash the tengu warrior with your +0 long sword!
The tengu warrior is heavily wounded.
You slash the tengu warrior with your +0 long sword!
The tengu warrior hits you with a +3 great mace!
* * * LOW HITPOINT WARNING * * *
The tengu warrior pecks you.
* * * LOW HITPOINT WARNING * * *
The tengu warrior closely misses you.
You barely miss the tengu warrior with your +0 long sword.
The tengu warrior is severely wounded.
You closely miss the tengu warrior with your +0 long sword.
The tengu warrior closely misses you.
The tengu warrior pecks you but does no damage.
The tengu warrior barely misses you.
You closely miss the tengu warrior with your +0 long sword.
The tengu warrior is severely wounded.
You closely miss the tengu warrior with your +0 long sword.
The tengu warrior misses you.
The tengu warrior pecks you but does no damage.
The tengu warrior barely misses you.
You closely miss the tengu warrior with your +0 long sword.
The tengu warrior is severely wounded.
You catch the helpless tengu warrior completely off-guard!
You hit the tengu warrior but do no damage.
The tengu warrior hits you with a +3 great mace!
* * * LOW HITPOINT WARNING * * *
The tengu warrior barely misses you. The tengu warrior closely misses you.
Aiming: Bolt of Light
Press: ? - help, Shift-Dir - straight line, f - tengu warrior
Aim: a tengu warrior, wielding a +3 great mace and wearing a +0 ring mail (severely wounded, unable to see you, 54% to hit)
The bolt of light hits the tengu warrior!
The tengu warrior is almost dead.
The tengu warrior is blinded.
The tengu warrior misses you. The tengu warrior closely misses you.
The tengu warrior misses you.
You barely miss the tengu warrior with your +0 long sword.
The tengu warrior is almost dead.
You barely miss the tengu warrior with your +0 long sword.
The tengu warrior hits you with a +3 great mace!
You die...
Your body crumbles into a pile of gold.

####.###.#######
.. #.# #.
#.####### #
#.......#
##..###.# ##.#
#.# ##.# #@##
##Q.# ###


You could see a tengu warrior (blind, unable to see you).

Vanquished Creatures
  A two-headed ogre (D:8)
  Maurice (D:8)
  Maggie (D:6)
  A kobold demonologist (D:6)
  Grinder (D:4)
  2 hornets (D:8)
  2 wyverns
  5 yaks (D:9)
  Grum (D:8)
  A steam dragon (D:6)
  4 water moccasins
  Duvessa (D:6)
  2 orc warriors (D:7)
  3 ice beasts
  3 sky beasts (D:7)
  3 ogres
  3 wolves (D:8)
  3 phantoms
  A centaur (D:5)
  4 lemures
  4 bullfrogs
  3 elf zombies (Ossuary)
  2 kobold brigands
  Blork the orc (D:4)
  A burial acolyte (Ossuary)
  Dowan (D:6)
  5 killer bees (D:9)
  6 howler monkeys
  7 crimson imps (D:8)
  2 centaur zombies (Ossuary)
  4 jellies
  4 hounds
  4 orc priests
  A gnoll bouda (D:4)
  Natasha (D:2)
  3 sleepcaps
  3 iguanas
  4 orc wizards
  A crocodile zombie (Ossuary)
  2 hound zombies (Ossuary)
  4 mummies
  3 gnolls (D:5)
  8 adders
  A shadow imp (D:8)
  2 white imps
  4 ufetubi (D:6)
  5 adder zombies (Ossuary)
  3 dart slugs
  14 orcs
  An endoplasm (D:1)
  A giant cockroach (D:1)
  16 goblins
  5 hobgoblins
  2 jackals
  6 kobolds
  A quokka (D:4)
  6 ball pythons
  5 ball python zombies (Ossuary)
  6 bats
  3 gnoll zombies (Ossuary)
  5 jackal zombies (Ossuary)
  2 kobold zombies (Ossuary)
  An orc zombie (Ossuary)
  5 rats
211 creatures vanquished.

Vanquished Creatures (others)
  An orc (D:8)
1 creature vanquished.

Grand Total: 212 creatures vanquished

Notes
Turn   | Place    | Note
-------+----------+-------------------------------------------
     0 | D:1      | seren the Coglin Gladiator began the quest for the Orb.
     0 | D:1      | Reached XP level 1. HP: 16/16 MP: 1/1
   153 | D:1      | Reached XP level 2. HP: 22/22 MP: 2/2
   449 | D:1      | Reached XP level 3. HP: 24/27 MP: 3/3
   817 | D:2      | Noticed Natasha
   825 | D:2      | Killed Natasha
   826 | D:2      | Reached skill level 1 in Armour
   826 | D:2      | Reached XP level 4. HP: 28/34 MP: 4/4
   880 | D:2      | Found a faded altar of an unknown god.
   953 | D:2      | Noticed Sigmund
   979 | D:3      | Found Tausewoc's Assorted Antiques.
  1343 | D:3      | Found a bloodstained altar of Trog.
  1367 | D:4      | Found a staircase to the Ecumenical Temple.
  1375 | Temple   | Entered the Ecumenical Temple
  1386 | Temple   | Became a worshipper of Gozag Ym Sagoz the Greedy
  1559 | D:4      | Reached skill level 4 in Long Blades
  1559 | D:4      | Reached XP level 5. HP: 39/39 MP: 5/5
  1580 | D:4      | Found an ancient bone altar of Kikubaaqudgha.
  1613 | D:4      | Noticed a phantom
  1762 | D:4      | Noticed Blork the orc
  1782 | D:4      | Noticed Grinder
  1905 | D:4      | Paralysed by Grinder for 3 turns
  1922 | D:4      | Killed Grinder
  1923 | D:4      | Reached XP level 6. HP: 32/47 MP: 6/6
  2077 | D:4      | Killed Blork the orc
  2078 | D:4      | Reached skill level 5 in Long Blades
  2086 | D:4      | Reached XP level 7. HP: 15/52 MP: 7/7
  2964 | D:5      | Entered Level 5 of the Dungeon
  2972 | D:5      | Noticed a wyvern
  3030 | D:5      | Killed a wyvern
  3031 | D:5      | Reached skill level 6 in Long Blades
  3031 | D:5      | Reached XP level 8. HP: 21/60 MP: 8/8
  3623 | D:5      | Found a sand-covered staircase.
  3635 | Ossuary  | Entered an ossuary
  3785 | Ossuary  | Reached skill level 7 in Long Blades
  3833 | Ossuary  | Reached XP level 9. HP: 62/67 MP: 9/9
  3847 | Ossuary  | Reached skill level 5 in Fighting
  4271 | D:5      | Reached skill level 5 in Dodging
  4423 | D:5      | Found a shimmering blue altar of Sif Muna.
  4563 | D:5      | Found a snail-covered altar of Cheibriados.
  4863 | D:6      | Found a glowing silver altar of Zin.
  5040 | D:6      | Reached skill level 5 in Throwing
  5167 | D:6      | Reached skill level 8 in Long Blades
  5197 | D:6      | Noticed a kobold demonologist
  5223 | D:6      | Killed a kobold demonologist
  5276 | D:6      | Noticed Dowan
  5277 | D:6      | Noticed Duvessa
  5289 | D:6      | Killed Duvessa
  5294 | D:6      | Killed Dowan
  5342 | D:6      | Noticed Maggie
  5365 | D:6      | Killed Maggie
  5366 | D:6      | Reached XP level 10. HP: 73/76 MP: 10/10
  5383 | D:6      | Reached skill level 5 in Armour
  5466 | D:6      | Noticed Pikel
  6029 | D:7      | Reached skill level 1 in Evocations
  6547 | D:3      | Bought a potion of heal wounds for 140 gold pieces
  6547 | D:3      | Bought a potion of curing for 84 gold pieces
  6547 | D:3      | Bought 2 potions of curing for 168 gold pieces
  7047 | D:8      | Noticed Grum
  7066 | D:8      | Killed Grum
  7128 | D:8      | Noticed Maurice
  7145 | D:8      | Killed Maurice
  7246 | D:8      | Reached skill level 5 in Evocations
  7373 | D:8      | Noticed a two-headed ogre
  7387 | D:8      | Killed a two-headed ogre
  7388 | D:8      | Reached skill level 9 in Long Blades
  7575 | D:8      | Reached XP level 11. HP: 84/84 MP: 11/11
  7878 | D:8      | Found a runed translucent door.
  7883 | D:8      | Noticed Hans's ghost (novice DENe)
  8222 | D:9      | Noticed a tengu warrior
  8234 | D:9      | Slain by a tengu warrior

Illustrated notes

Levels and vault maps discovered:
D:1:      amcnicky_arrival_single_pillar, layout_basic, minmay_misc_feat_five,
          minmay_domino_2
D:2:      cheibrodos_pilgrimage, layout_basic,
          shapermc_ecumenical_altar_hornbeckon, serial_glass, glass_columns_a,
          glass_columns_c, due_unseen_surprise, feat_on_display,
          feat_on_display, uniq_natasha, uniq_crazy_yiuf_cottage, uniq_sigmund
D:3:      layout_rooms, lightli_temple_of_fire, serial_shops,
          nicolae_diamond_shop
D:4:      layout_basic, mainiacjoe_overflow_cross_hatched,
          minmay_temple_entry_offerings, minmay_ogre_servants, uniq_grinder,
          uniq_blork_the_orc
D:5:      layout_rooms, nicolae_overflow_squiral, gup_ossuary_entry_pyramid
D:6:      layout_loops_ring, mainiacjoe_overflow_concentric_impassable,
          uniq_pikel, uniq_maggie, uniq_duvessa
D:7:      layout_loops_ring
D:8:      layout_basic, ebering_ghost_inner_flame, minmay_nine_imps,
          uniq_maurice, uniq_grum
D:9:      minmay_chopped_fan, layout_loops_ring, makhleb_altar_promises_db,
          minivault_14
Temple:   nicolae_temple_ecumenical_triangle

Skill      XL: |  1  2  3  4  5  6  7  8  9 10 11 |
---------------+----------------------------------+-----
Throwing       | 2 3 4 5 6 |  6.3
Armour         | 1 2 3 4 5 6 |  6.1
Dodging        | 3 4 5 6 |  6.8
Long Blades    | 4 5 6 7 8 9 |  9.3
Fighting       | 3 4 6 7 |  7.3
Evocations     | 6 |  6.5

Action                     |  1- 3 |  4- 6 |  7- 9 | 10-12 || total
---------------------------+-------+-------+-------+-------++-------
  Melee: Long sword        |    64 |    79 |   527 |   541 ||  1211
         Rapier            |       |    24 |       |       ||    24
         Falchion          |       |    14 |       |       ||    14
  Throw: Throwing net      |       |     2 |     2 |       ||     4
         Dart              |       |       |    65 |    16 ||    81
  Evoke: Wand              |       |       |       |     3 ||     3
    Use: Scroll            |       |     1 |     4 |     3 ||     8
         Potion            |       |       |     1 |     4 ||     5
   Stab: Sleeping          |     1 |       |       |       ||     1
         Distracted        |       |       |     4 |       ||     4
         Held in net/web   |       |       |     1 |       ||     1
         Invisible         |       |       |       |     2 ||     2
 Armour: Leather armour    |    38 |     1 |       |       ||    39
         Ring mail         |       |    98 |   180 |   127 ||   405
         Skin              |       |       |       |    45 ||    45
  Dodge: Dodged            |    36 |    52 |   170 |   146 ||   404

Table legend: (Time is in decaauts)
 A = Elapsed time spent in this place.
 B = Non-inter-level travel time spent in this place.
 C = Inter-level travel time spent in this place.
 D = Time resting spent in this place.
 E = Time spent auto-exploring this place.
 F = Levels seen in this place.
 G = Mean time per level.
                   A        B        C        D        E       F      G
               +--------+--------+--------+--------+--------+-----+--------+
         Total |   8267 |   7915 |    352 |   1765 |   3524 |  11 |  751.5 |
       Dungeon |   7713 |   7361 |    352 |   1715 |   3335 |   9 |  857.0 |
        Temple |     22 |     22 |      0 |      0 |      0 |   1 |   22.0 |
       Ossuary |    531 |    531 |      0 |     50 |    189 |   1 |  531.0 |
               +--------+--------+--------+--------+--------+-----+--------+

Top non-repeatable levels by time:
     D:4: 1593 daAuts
     D:6: 1164 daAuts
     D:5: 1068 daAuts
     D:8: 1064 daAuts
     D:7: 919 daAuts
     D:1: 781 daAuts
     D:3: 727 daAuts
 Ossuary: 531 daAuts
     D:2: 222 daAuts
     D:9: 172 daAuts
  Temple: 22 daAuts
